 Dungeon Crawl Stone Soup version 0.14-a0-2746-g43b4f9c (webtiles) character file.

23986 Neoxx the Bludgeoner (level 13, -2/144 HPs)
             Began as an Ogre Gladiator on Feb 22, 2014.
             Was a Believer of the Shining One.
             Slain by a wolf spider (12 damage)
             ... on Level 5 of the Lair of Beasts.
             The game lasted 00:53:19 (13899 turns).

Neoxx the Bludgeoner (Ogre Gladiator)              Turns: 13899, Time: 00:53:19

HP  -2/144       AC  7     Str 23      XL: 13   Next:  4%
MP  26/26        EV  8     Int  7      God: the Shining One [**....]
Gold 865         SH  0     Dex 14      Spells:  0 memorised, 12 levels left

rFire  + . .     SeeInvis .     b - +5,+2 giant spiked club
rCold  . . .     Clarity  .     R - +2 robe {rF+}
rNeg   + . .     Conserve .     (shield restricted)
rPois  .         rCorr    .     y - +1 hat
rElec  .         rRot     .     d - +0 cloak
SustAb . .       Spirit   .     (gloves unavailable)
rMut   .         Warding  .     (boots unavailable)
Gourm  +         Stasis   .     g - amulet of the gourmand
MR     +....                    s - ring of sustenance
                                r - ring of regeneration

@: mildly poisoned, held, glowing, somewhat resistant to hostile enchantments,
very unstealthy
A: unfitting armour, horns 1, fast metabolism 1, saprovore 1, tough skin 1
a: Divine Shield, Renounce Religion


You were on level 5 of the Lair of Beasts.
You worshipped the Shining One.
The Shining One was pleased with you.
You were very full.

You visited 3 branches of the dungeon, and saw 14 of its levels.

You collected 912 gold pieces.
You donated 47 gold pieces.

Inventory:

Hand weapons
 a - a +1,+1 whip of flaming
 b - a +5,+2 giant spiked club (weapon)
 H - a +2,+3 flail of holy wrath
Missiles
 i - 17 darts
Armour
 d - a +0 cloak (worn)
 y - a +1 hat (worn)
 R - a +2 robe of fire resistance (worn)
Magical devices
 F - a wand of slowing (5)
 N - a wand of cold (5)
 O - a wand of digging (15)
 P - a wand of digging (11)
 T - a wand of confusion (9)
 X - a wand of fire (8)
 Z - a wand of fireball (4)
Comestibles
 n - a cheese
 o - 2 rotting chunks of blink frog flesh
 z - a royal jelly
 A - a banana
 B - 7 meat rations
 D - 2 honeycombs
 G - 9 bread rations
 I - 2 apples
 K - 12 lemons
 L - a pear
Scrolls
 e - 3 scrolls of remove curse
 j - 5 scrolls of teleportation
 q - 3 scrolls of blinking
 x - 2 scrolls of noise
 S - 4 scrolls of magic mapping
 U - a scroll of immolation
 W - 2 scrolls of enchant armour
 Y - a scroll of amnesia
Jewellery
 c - an uncursed amulet of conservation
 f - an uncursed ring of protection from fire
 g - an amulet of the gourmand (around neck)
 m - an uncursed ring of protection from magic
 r - a ring of regeneration (left hand)
 s - a ring of sustenance (right hand)
 w - an uncursed ring of wizardry
 C - an uncursed ring of fire
 E - an uncursed amulet of stasis
Potions
 h - 2 potions of speed
 k - a potion of flight
 l - a potion of agility
 p - 4 potions of might
 t - 3 potions of porridge
 u - a potion of brilliance
 v - 2 potions of restore abilities
 M - 2 potions of lignification
 Q - 5 potions of curing {unknown}
 V - a potion of heal wounds
Books
 J - a book of Clouds

   Spells                             Type                      Level
   Mephitic Cloud                     Conjuration/Poison/Air       3
   Conjure Flame                      Conjuration/Fire             3
   Poisonous Cloud                    Conjuration/Poison/Air       6
   Freezing Cloud                     Conjuration/Ice/Air          6
   Ring of Flames                     Charms/Fire                  7


   Skills:
 + Level 13.2 Fighting
 + Level 15.2 Maces & Flails
 - Level 2.1 Throwing
 + Level 9.8 Dodging
 + Level 9.9 Invocations
 - Level 5.0 Evocations


You had 12 spell levels left.
You didn't know any spells.

Dungeon Overview and Level Annotations

Branches:
Dungeon (8/16)             Temple (1/1) D:7            Lair (5/8) D:8
 Shoals (0/5) Lair:5       Spider (0/5) Lair:5

Altars:
Ashenzari
Dithmenos
Elyvilon
Fedhas
Kikubaaqudgha
Makhleb
Nemelex Xobeh
Okawaru
Sif Muna
Trog
Vehumet
Xom
Yredelemnul
Zin
The Shining One

Shops:
D:8 [

Annotations:
Lair:3 exclusions: 2 electric eels and 1 more exclusion


Innate Abilities, Weirdness & Mutations

You are too large for most types of armour.
You have a fast metabolism.
You can tolerate rotten meat.
You have tough skin (AC +1).
You have a pair of small horns on your head.


Message History

You are even more entangled.
The jumping spider bites you but does no damage.
The wolf spider bites you!
* * * LOW HITPOINT WARNING * * *
The wolf spider hits you!
* * * LOW HITPOINT WARNING * * *
Drink which item? (? for menu, Esc to quit)
You feel much better. The jumping spider pounces on you!
* * * LOW HITPOINT WARNING * * *
The jumping spider bites you but does no damage.
The wolf spider bites you!
* * * LOW HITPOINT WARNING * * *
The wolf spider hits you!
* * * LOW HITPOINT WARNING * * *
Drink which item? (? for menu, Esc to quit)
You feel much better. The jumping spider pounces on you!
* * * LOW HITPOINT WARNING * * *
The jumping spider bites you but does no damage.
The wolf spider bites you!
You die...

....(.........................>..
...........>.....................
.................................
.%.............................#.
.................................
.%!%............................#
................#..............#.
...............##s...............
.%<...........##@..##.%.....%....
.........>..###s^^####.......f...
.%......f#f.#.^...# #....P###..#
(......P#####..^.## ####### ####
........# #%.^..#
.......####...^.##
...P...#.##.>..# ......#..P# ..#
.........##


You could see a wolf spider and a jumping spider.

Vanquished Creatures
  A hydra (Lair:4)
  A catoblepas (Lair:3)
  Erolcha (D:8)
  Pikel (D:4)
  3 black mambas
  A griffon (Lair:5)
  3 elephants (Lair:3)
  6 spiny frogs
  A fire drake (Lair:4)
  A komodo dragon (D:8)
  A polar bear (Lair:5)
  A grizzly bear (Lair:5)
  A two-headed ogre (D:8)
  The ghost of Psiweapon the Skirmisher, an average GrFi (D:4)
  24 blink frogs
  3 basilisks
  A redback (Lair:5)
  6 hippogriffs
  17 yaks
  2 hungry ghosts
  A shark (Lair:2)
  Edmund (D:6)
  Menkaure (D:7)
  9 porcupines
  2 slaves (D:4)
  A sky beast (D:7)
  3 giant goldfish (Lair:2)
  An orc warrior (D:7)
  A black bear (Lair:5)
  A boring beetle (Lair:4)
  8 crocodiles
  5 centaurs
  4 ogres
  4 giant slugs
  Blork the orc (D:7)
  5 agate snails
  9 water moccasins
  13 giant frogs
  A quasit (D:8)
  5 orc wizards
  An electric eel (Lair:2)
  A giant frog skeleton (D:6)
  4 iguanas
  3 scorpions
  5 hounds
  5 orc priests
  12 sheep
  11 worker ants
  An ogre zombie (D:7)
  Ijyb (D:5)
  8 gnolls
  32 green rats
  14 adders
  A giant centipede (Lair:4)
  3 giant mites
  4 worms
  A giant eyeball (D:7)
  12 giant geckos
  An ooze (D:3)
  25 orcs
  10 giant cockroaches
  13 goblins
  12 hobgoblins
  14 jackals
  13 quokkas
  2 ball pythons
  21 bats
  2 giant newts
  2 giant spores (D:8)
  A hobgoblin skeleton (D:5)
  A hobgoblin zombie (D:8)
  12 kobolds
  An orc zombie (D:8)
  17 rats
  A rat skeleton (D:6)
  A ballistomycete (D:8)
420 creatures vanquished.

Vanquished Creatures (others)
  An adder (D:4)
  2 gnolls (D:4)
  A giant mite (D:4)
  A giant gecko (D:4)
  A jackal (Lair:3)
  2 plants
8 creatures vanquished.

Grand Total: 428 creatures vanquished

Notes
Turn   | Place    | Note
--------------------------------------------------------------
     0 | D:1      | Neoxx, the Ogre Gladiator, began the quest for the Orb.
     0 | D:1      | Reached XP level 1. HP: 22/22 MP: 1/1
   289 | D:1      | Reached XP level 2. HP: 29/29 MP: 2/2
   301 | D:1      | Reached skill level 5 in Maces & Flails
   552 | D:1      | Reached XP level 3. HP: 36/36 MP: 3/3
   905 | D:2      | Reached skill level 6 in Maces & Flails
   963 | D:2      | Reached XP level 4. HP: 42/44 MP: 4/4
  1524 | D:2      | Found a deep blue altar of Sif Muna.
  1690 | D:3      | Reached skill level 7 in Maces & Flails
  1708 | D:3      | Reached XP level 5. HP: 34/50 MP: 5/5
  2192 | D:3      | Reached skill level 8 in Maces & Flails
  2812 | D:4      | Noticed an ogre
  2817 | D:4      | Killed an ogre
  2817 | D:4      | Reached skill level 9 in Maces & Flails
  2817 | D:4      | Reached XP level 6. HP: 34/59 MP: 6/6
  3059 | D:4      | Noticed Psiweapon's ghost (average GrFi)
  3199 | D:4      | Noticed Pikel
  3200 | D:4      | Noticed a slave
  3219 | D:4      | Killed a slave
  3336 | D:5      | Entered Level 5 of the Dungeon
  3336 | D:5      | Noticed Ijyb
  3351 | D:5      | Killed Ijyb
  3634 | D:5      | Reached skill level 10 in Maces & Flails
  3634 | D:5      | Reached XP level 7. HP: 66/66 MP: 7/7
  4558 | D:4      | Killed Psiweapon's ghost
  4558 | D:4      | Reached skill level 11 in Maces & Flails
  4600 | D:4      | Reached XP level 8. HP: 17/74 MP: 8/8
  4891 | D:4      | Noticed a slave
  4896 | D:4      | Killed a slave
  4906 | D:4      | Noticed a slave
  4906 | D:4      | Noticed a slave
  4927 | D:4      | Killed Pikel
  4927 | D:4      | Reached skill level 13 in Maces & Flails
  5302 | D:5      | Found a burning altar of Makhleb.
  5307 | D:5      | Found a glowing silver altar of Zin.
  5307 | D:5      | Noticed an angel
  5308 | D:5      | Noticed a cacodemon
  5355 | D:5      | Found a radiant altar of Vehumet.
  5724 | D:6      | Found a shimmering altar of Xom.
  5754 | D:6      | Noticed Edmund
  5764 | D:6      | Killed Edmund
  5837 | D:6      | Reached skill level 14 in Maces & Flails
  5949 | D:6      | Reached XP level 9. HP: 73/80 MP: 9/9
  6312 | D:7      | Reached skill level 15 in Maces & Flails
  6974 | D:7      | Noticed Menkaure
  6983 | D:7      | Killed Menkaure
  6983 | D:7      | Reached skill level 5 in Fighting
  7110 | D:7      | Noticed Blork the orc
  7122 | D:7      | Killed Blork the orc
  7122 | D:7      | Reached skill level 5 in Dodging
  7155 | D:7      | Found a staircase to the Ecumenical Temple.
  7168 | Temple   | Entered the Ecumenical Temple
  7438 | D:5      | Became a worshipper of Zin the Law-Giver
  7438 | D:5      | Acquired Zin's first power
  7513 | D:8      | Reached XP level 10. HP: 100/100 MP: 10/10
  7531 | D:8      | Acquired Zin's second power
  7564 | D:8      | Reached skill level 1 in Invocations
  7796 | Temple   | Fell from the grace of Zin
  7796 | Temple   | Became a worshipper of the Shining One
  7796 | Temple   | Acquired the Shining One's first power
  8153 | D:8      | Found an iron altar of Okawaru.
  8153 | D:8      | Noticed Erolcha
  8168 | D:8      | Was placed under penance by the Shining One
  8171 | D:8      | Killed Erolcha
  8171 | D:8      | Reached skill level 1 in Evocations
  8314 | D:8      | Found Gocwomiv's Armour Shop.
  8342 | D:8      | Found a staircase to the Lair.
  8343 | D:8      | Noticed a komodo dragon
  8353 | D:8      | Killed a komodo dragon
  8359 | Lair:1   | Entered Level 1 of the Lair of Beasts
  9182 | Lair:1   | Reached skill level 5 in Invocations
  9182 | Lair:1   | Reached XP level 11. HP: 34/115 MP: 19/19
  9605 | Lair:1   | Was forgiven by the Shining One
 10696 | Lair:2   | Reached skill level 10 in Fighting
 11530 | Lair:3   | Reached skill level 5 in Evocations
 11840 | Lair:3   | Acquired the Shining One's second power
 11900 | Lair:3   | Reached XP level 12. HP: 70/130 MP: 23/23
 11915 | Lair:3   | Noticed a catoblepas
 11925 | Lair:3   | Killed a catoblepas
 12530 | Lair:4   | Noticed a five-headed hydra
 12926 | Lair:4   | Killed a five-headed hydra
 13535 | Lair:5   | Gained mutation: You have a pair of small horns on your head. [potion of beneficial mutation]
 13568 | Lair:5   | Found a staircase to the Shoals.
 13734 | Lair:5   | Reached XP level 13. HP: 136/144 MP: 24/26
 13887 | Lair:5   | Found a hole to the Spider Nest.
 13895 | Lair:5   | HP: 6/144 [wolf spider (5)]
 13896 | Lair:5   | The Shining One protects you from harm!
 13898 | Lair:5   | HP: 2/144 [wolf spider (8)]
 13899 | Lair:5   | Slain by a wolf spider

Action                   |  1- 3 |  4- 6 |  7- 9 | 10-12 | 13-15 || total
-------------------------+-------+-------+-------+-------+-------++-------
Melee: Mace              |    68 |   107 |       |       |       ||   175
       Flail             |       |    59 |    15 |       |       ||    74
       Giant spiked club |       |    33 |   202 |   572 |    13 ||   820
       Whip              |       |       |    20 |       |       ||    20
Throw: Dart              |    45 |    42 |    42 |    42 |       ||   171
       Throwing net      |     2 |     8 |     4 |     1 |       ||    15
Invok: Recite            |       |       |     1 |     1 |       ||     2
       Divine Shield     |       |       |       |     3 |       ||     3
 Abil: Evoke Invisibilit |       |       |     3 |       |       ||     3
Evoke: Wand              |       |       |     3 |     3 |     1 ||     7
  Use: Scroll            |       |    10 |     5 |    15 |       ||    30
       Potion            |       |       |     3 |     1 |     4 ||     8
 Stab: Invisible         |       |       |     2 |       |       ||     2
       Held in net/web   |       |       |     1 |       |       ||     1
